 Dungeon Crawl Stone Soup version 0.30.1-4-g462c640d31 (webtiles) character file.

Game seed: 8906443480400852502

172802 GeoRichter the Severer (level 18, -3/153 HPs)
             Began as a Formicid Fighter on Sept 4, 2023.
             Was a High Priest of the Shining One.
             Killed from afar by a merfolk aquamancer (19 damage)
             ... with a shard of ice
             ... on level 4 of the Shoals.
             The game lasted 00:47:56 (28585 turns).

GeoRichter the Severer (Formicid Fighter)          Turns: 28585, Time: 00:47:56

Health: -3/153     AC: 24    Str: 35    XL:     18   Next: 68%
Magic:  7/28       EV: 12    Int: 10    God:    the Shining One [*****.]
Gold:   753        SH: 31    Dex: 19    Spells: 17/17 levels left

rFire   + . .        a - +7 executioner's axe (holy)
rCold   + + +        C - +2 kite shield
rNeg    + + .        p - +3 plate armour {rC+}
rPois   +            (helmet unavailable)
rElec   +            k - +0 cloak
rCorr   +            Z - +2 pair of gloves
SInv    +            X - +2 pair of slick slippers {slick, slippery, EV+4}
Will    ++...        P - amulet "Boseghus" {Reflect Str+3 Int+2 SH+5} Stlth
                     O - ring "Werghujae" {Fly rElec rC+ Str+3 Dex+6}
HPRegen 0.45/turn    l - ring of willpower
MPRegen 0.21/turn

%: reflection
@: divinely shielded, resistant, flying, glowing, studying Evocations
A: permanent stasis, dig shafts and tunnels, antennae 3, four strong arms
a: Dig, Shaft Self, Renounce Religion, Divine Shield, Cleansing Flame, Summon
Divine Warrior


You were on level 4 of the Shoals.
You worshipped the Shining One.
The Shining One was extremely pleased with you.
You visited 5 branches of the dungeon, and saw 27 of its levels.
You also visited: Ice Cave.

You collected 3064 gold pieces.
You spent 2311 gold pieces at shops.

Inventory:

Hand Weapons
 a - a +7 executioner's axe of holy wrath (weapon)
   (You took it off Rupert on level 13 of the Dungeon)
 J - a +4 executioner's axe of freezing
   (You found it in an ice cave)
Missiles
 b - 6 throwing nets {!f}
 N - 2 javelins
 Q - 3 curare-tipped darts {!f}
Armour
 k - a +0 cloak (worn)
   (You found it on level 2 of the Dungeon)
 p - a +3 plate armour of cold resistance (worn)
   (You found it in an ice cave)
 z - a +1 chain mail of fire resistance
   (You found it on level 5 of the Dungeon)
 C - a +2 kite shield (worn)
   (You took it off a gnoll sergeant on level 7 of the Dungeon)
 M - the +6 scale mail "Surem" {Fly Will+}
   (You found it on level 8 of the Dungeon)

   Fly:       It grants you flight.
   Will:      It increases your willpower.
 X - the +2 pair of slick slippers (worn) {slick, slippery, EV+4}
   (You bought it in a shop on level 2 of the Orcish Mines)

   Slick:     Its wearer cannot be constricted, engulfed, netted or webbed.
   Slippery:  Its wearer slips away from damaging melee attacks, pulling the
   attacker onward.
   EV:        It affects your evasion (+4).
 Z - a +2 pair of gloves (worn)
   (You bought it in a shop on level 2 of the Orcish Mines)
Jewellery
 l - a ring of willpower (right hand)
   (You found it on level 13 of the Dungeon)
 q - an amulet of regeneration
   (You found it on level 12 of the Dungeon)
 O - the ring "Werghujae" (left hand) {Fly rElec rC+ Str+3 Dex+6}
   (You found it in an ice cave)

   [ring of dexterity]

   Str:       It affects your strength (+3).
   Dex:       It affects your dexterity (+6).
   rC:        It protects you from cold.
   rElec:     It insulates you from electricity.
   Fly:       It grants you flight.
 P - the amulet "Boseghus" (around neck) {Reflect Str+3 Int+2 SH+5}
   (You bought it in a shop on level 2 of the Dungeon)

   [amulet of reflection]

   It reflects blocked missile attacks.
   Str:       It affects your strength (+3).
   Int:       It affects your intelligence (+2).
   SH:        It affects your SH (+5).
Wands
 d - a wand of digging (10)
   (You took it off an orc wizard on level 7 of the Dungeon)
 u - a wand of charming (22)
   (You found it on level 3 of the Dungeon)
 v - a wand of flame (21) (quivered)
   (You found it on level 10 of the Dungeon)
 y - a wand of iceblast (13)
   (You took it off an orc on level 7 of the Dungeon)
 E - a wand of polymorph (5)
   (You found it on level 10 of the Dungeon)
 H - a wand of mindburst (5)
   (You found it on level 4 of the Lair of Beasts)
 K - a wand of acid (9)
   (You found it on level 8 of the Dungeon)
Scrolls
 e - 7 scrolls of fog
 h - 9 scrolls of poison {!r}
 j - 9 scrolls of amnesia
 n - 2 scrolls of immolation {!r}
 s - 4 scrolls of enchant armour
 G - 2 scrolls of noise {!r}
 L - 4 scrolls of vulnerability {!r}
 R - a scroll of butterflies
 S - 2 scrolls of silence
Potions
 f - 4 potions of ambrosia
 i - a potion of magic
 o - 5 potions of flight
 r - 5 potions of brilliance
 w - 2 potions of cancellation
 A - 4 potions of lignification {!q}
 B - 6 potions of curing {@q1}
 D - 3 potions of attraction {!q}
 F - 2 potions of mutation {!q}
 I - 3 potions of might
Miscellaneous
 W - a box of beasts (inert)
   (You found it on level 5 of the Lair of Beasts)
 Y - a condenser vane
   (You found it on level 14 of the Dungeon)


   Skills:
 + Level 16.7 Fighting
 * Level 20.4 Axes
 - Level 8.0 Throwing
 - Level 10.3 Armour
 - Level 10.9 Shields
 - Level 14.0 Invocations
 - Level 12.1 Evocations


You had 17 spell levels left.
You didn't know any spells.
Your spell library contained the following spells:

 Spells                   Type           Power      Damage    Failure   Level
 Kiss of Death            Conj/Necr      0%         2d5       96%         1
 Ensorcelled Hibernation  Hex/Ice        0%         N/A       99%         2
 Lesser Beckoning         Tloc           0%         N/A       99%         2
 Momentum Strike          Conj/Tloc      0%         3d8       99%         2
 Passwall                 Tmut/Erth      0%         N/A       99%         2
 Confusing Touch          Hex            0%         N/A       100%        3
 Dazzling Flash           Conj/Hex       0%         N/A       100%        3
 Gell's Gravitas          Tloc           0%         N/A       100%        3
 Ignite Poison            Fire/Tmut/Pois 0%         N/A       100%        3
 Inner Flame              Hex/Fire       0%         N/A       100%        3
 Ozocubu's Armour         Ice            0%         N/A       100%        3
 Portal Projectile        Hex/Tloc       0%         N/A       100%        3
 Teleport Other           Tloc           0%         N/A       100%        3
 Tukima's Dance           Hex            0%         N/A       100%        3
 Dispel Undead            Necr           0%         3d6       100%        4
 Flame Wave               Conj/Fire      0%         2d4       100%        4
 Leda's Liquefaction      Hex/Erth       0%         N/A       100%        4
 Sticky Flame             Conj/Fire      0%         2d3       100%        4
 Agony                    Necr           0%         N/A       100%        5
 Arcjolt                  Conj/Air       0%         1d10      100%        5
 Blade Hands              Tmut           0%         N/A       100%        5
 Lee's Rapid Deconstruct  Erth           0%         3d4*      100%        5
 Metabolic Englaciation   Hex/Ice        0%         N/A       100%        5
 Silence                  Hex/Air        0%         N/A       100%        5
 Summon Forest            Summ/Tloc      0%         N/A       100%        5
 Dispersal                Tloc           0%         N/A       100%        6
 Eringya's Noxious Bog    Tmut/Pois      0%         N/A       100%        6
 Simulacrum               Ice/Necr       0%         N/A       100%        6
 Statue Form              Tmut/Erth      0%         N/A       100%        6
 Ozocubu's Refrigeration  Ice            0%         4d7       100%        7
 Summon Hydra             Summ           0%         N/A       100%        7
 Ignition                 Fire           0%         3d3       100%        8
 Maxwell's Capacitive Co  Air            0%         ∞         100%        8
 Blink                    Tloc           Unusable   N/A       N/A         2
 Swiftness                Air            Unusable   N/A       N/A         3
 Vhi's Electric Charge    Tloc/Air       Unusable   N/A       N/A         3

Dungeon Overview and Level Annotations

Branches:
Dungeon (15/15) Zot: 25419  Temple (1/1) D:6 Zot: 5998    Lair (5/5) D:11 Zot: 23404
 Shoals (4/4) Lair:3 Zot: 20245  Spider (0/4) Lair:3        Slime (0/5) Lair:5
    Orc (2/2) D:10 Zot: 10255     Elf (0/3) Orc:2        Vaults (0/5) D:13
 Depths (0/4) D:15          IceCv (visited)

Altars:
Gozag
Makhleb
Trog
Wu Jian
Yredelemnul
The Shining One

Shops:
D:1 (   D:2 =   Orc:2 *:*[(   Shoals:3 *

Annotations:
D:15 1 transporter
Shoals:3 3 runed translucent doors, exclusion: obsidian statue, Eddaez Biosh's ghost, journeyman HOFi


Innate Abilities, Weirdness & Mutations

You cannot be hasted, slowed, berserked, paralysed or teleported.
You can dig through walls and to a lower floor.
You have a pair of large antennae on your head. (SInv)
Your four strong arms can wield two-handed weapons with a shield.


Message History

Your angel hits the dream sheep with a +3 whip of holy wrath!
The dream sheep dies!
The merfolk aquamancer cowers, then darts away.
The merfolk aquamancer casts a spell.
The merfolk aquamancer blinks!
The dream sheep splashes around in the water.
Cornered, the wind drake turns to fight!
You block the air elemental's attack.
The merfolk aquamancer casts a spell at you.
The ball of steam hits you but does no damage.
You resist. The water elemental hits your angel!
The water elemental engulfs your angel in water!
Your angel hits the water elemental but does no damage.
Your angel hits the water elemental with a +3 whip of holy wrath.
Okay, then.
Your angel is asphyxiated!
The air elemental is engulfed in a cloud of scalding steam.
You block the air elemental's attack.
A wind drake comes into view.
The merfolk starts to cry.
The merfolk aquamancer casts a spell.
The merfolk aquamancer blinks!
The air elemental is engulfed in a cloud of scalding steam.
You block the air elemental's attack.
Your angel hits the water elemental with a +3 whip of holy wrath!!
Your angel hits the water elemental with a +3 whip of holy wrath.
The merfolk aquamancer points at you and mumbles some strange words.
The ball of steam hits you. You resist.
* * * LOW HITPOINT WARNING * * *
The water elemental completely misses your angel.
The wind drake moves out of view.
There is a large open door here.
Your angel is asphyxiated!
The air elemental is engulfed in a cloud of scalding steam.
You block the air elemental's attack.
Your angel barely misses the water elemental.
Your angel hits the water elemental with a +3 whip of holy wrath!
The water elemental is destroyed!
The merfolk aquamancer gestures wildly while chanting.
The merfolk aquamancer blinks!
The water elemental hits your butterfly.
Your butterfly dies!
Your butterfly disappears in a burst of colours!
The air elemental is engulfed in a cloud of scalding steam.
You block the air elemental's attack.
Your angel hits the air elemental with a +3 whip of holy wrath!
Your angel completely misses the air elemental.
The merfolk aquamancer casts a spell at you.
The shard of ice hits you!! You partially resist.
You die...

...m~~ .....# {~{ .~~~
..~..# # ~ #~~.##.b.~.#
#.##~.#.#{.~~#...# .
~.~.~~.{{E.~# #
#..##.#####mm#.#..# { {
......§§..kEEbb~..#######
#######§E###########......
........Am@b......8#.~~~...
....#~~~E~~~§~.....#.~_~..♣
.#~~~~~~~#~~~~~~~..#.~~~...
#~~~#..~~##kY~~~m~.#......)
.~~~C~Yb~~.~Y~~~...#..♣..<)
....~.~~~~~~~......#.....)~
............m.....8#......~
#########..##########...~~~~
.....(..)..)...÷))..)...~###


You could see 2 merfolk aquamancers, a wind drake (repels missiles), a merfolk
(fleeing), a cyclops (fleeing), a water elemental, an air elemental (ally
target), 3 dream sheep and a friendly angel (summoned, unsilenced,
asphyxiating).

Vanquished Creatures
  A shard shrike (IceCv)
  Nikola (Shoals:3)
  Mlioglotl (Shoals:3)
  Jorgrun (D:14)
  2 krakens
  Polyphemus (Shoals:2)
  Kirke (Shoals:3)
  Ilsuiw (Shoals:2)
  Louise (Shoals:3)
  An ironbound preserver (D:13)
  A white draconian (IceCv)
  Azrael (D:12)
  An ettin (Orc:1)
  4 merfolk impalers
  A merfolk javelineer (Shoals:4)
  A fire dragon (D:15)
  An ice dragon (D:15)
  6 hydras
  A merfolk aquamancer (Shoals:2)
  A satyr (Shoals:4)
  An ogre mage (Orc:2)
  2 alligator snapping turtles (Shoals:4)
  An anaconda (Lair:5)
  5 catoblepae
  4 centaur warriors
  4 two-headed ogres
  A boulder beetle (D:12)
  16 death yaks
  2 tengu warriors (D:14)
  4 orc high priests
  9 skeletal warriors
  3 skysharks
  6 sea snakes
  An orange crystal statue (IceCv)
  2 orc knights
  A lindwurm (Lair:5)
  31 ugly things
  3 deep elf pyromancers
  A wolf spider (D:15)
  12 harpies
  An oklob plant (Lair:5)
  10 cyclopes
  An orc sorcerer (Orc:1)
  11 manticores
  17 fauns
  12 elephants
  8 merfolk sirens
  11 water nymphs
  6 black mambas (Lair:5)
  10 cane toads
  A torpor snail (Lair:5)
  3 gargoyles (D:13)
  A kobold demonologist (D:14)
  Maggie (D:9)
  12 rime drakes
  Psyche (D:10)
  4 komodo dragons
  2 tengu conjurers
  36 polar bears
  3 meliai (D:14)
  9 trolls
  5 wind drakes
  11 merfolk
  4 blink frogs (Lair:1)
  5 snapping turtles
  15 dream sheep
  A jumping spider (Lair:3)
  2 raiju (Lair:5)
  2 air elementals (Shoals:4)
  A wraith (D:11)
  59 yaks
  2 shadows
  2 fire elementals (D:11)
  13 water elementals
  A wyvern (Lair:5)
  2 humans
  Eustachio (D:6)
  2 vampires
  5 basilisks
  9 hogs
  3 redbacks (Lair:3)
  A steam dragon (D:6)
  7 vampire mosquitoes
  14 wargs
  4 swamp worms (Lair:4)
  10 water moccasins
  15 hell hounds
  A sky beast (D:4)
  26 orc warriors
  An ice beast (D:5)
  12 black bears
  An ice beast (shapeshifter) (D:13)
  13 wolves (Lair:5)
  4 centaurs
  10 ogres
  5 kobold brigands
  A gnoll sergeant (D:7)
  9 bullfrogs
  A scorpion (D:5)
  11 wights
  3 killer bees (D:9)
  An electric eel (D:14)
  A howler monkey (D:7)
  5 hounds
  13 jellies
  18 orc priests
  3 sleepcaps
  Jessica (D:3)
  7 iguanas
  21 orc wizards
  9 gnolls
  2 adders
  A shadow imp (D:5)
  2 white imps (D:7)
  An ufetubus (D:5)
  4 dart slugs
  78 orcs
  6 bats
  8 endoplasms
  5 giant cockroaches
  8 hobgoblins
  5 jackals
  7 quokkas
  8 ball pythons
  3 frilled lizards (D:1)
  5 goblins
  29 kobolds
  4 rats
  6 tentacles
853 creatures vanquished.

Vanquished Creatures (collateral kills)
  Rupert (D:13)
  A titan (Shoals:4)
  An orc warlord (Orc:2)
  A merfolk impaler (Shoals:2)
  A merfolk aquamancer (Shoals:4)
  An orc high priest (Orc:2)
  A skyshark (Shoals:2)
  A harpy (Shoals:2)
  An orc sorcerer (Orc:2)
  A faun (Shoals:4)
  2 trolls (Orc:2)
  5 merfolk
  A wind drake (Shoals:4)
  4 snapping turtles (Shoals:2)
  3 dream sheep
  An air elemental (Shoals:4)
  2 water elementals (Shoals:4)
  5 orc warriors (Orc:2)
  An ogre (Orc:2)
  An orc priest (Orc:2)
  2 orc wizards (Orc:2)
  An orc (Orc:2)
38 creatures vanquished.

Vanquished Creatures (others)
  2 jellies (Lair:5)
  16 tentacles
18 creatures vanquished.

Grand Total: 909 creatures vanquished

Notes
Turn   | Place    | Note
-------+----------+-------------------------------------------
     0 | D:1      | GeoRichter the Formicid Fighter began the quest for the
                  | Orb.
     0 | D:1      | Reached XP level 1. HP: 18/18 MP: 1/1
    73 | D:1      | Found Leufogoa's Antique Weapon Shoppe.
    89 | D:1      | Reached XP level 2. HP: 24/24 MP: 2/2
   202 | D:1      | Reached skill level 3 in Axes
   276 | D:1      | Reached XP level 3. HP: 29/29 MP: 3/3
   820 | D:2      | Reached skill level 4 in Axes
   820 | D:2      | Reached XP level 4. HP: 34/35 MP: 4/4
  1029 | D:2      | Found Kovvaloa's Jewellery Shop.
  1406 | D:3      | Found a glowing golden altar of the Shining One.
  1422 | D:3      | Became a worshipper of the Shining One
  1463 | D:3      | Found a faded altar of an unknown god.
  1524 | D:3      | Noticed Jessica
  1539 | D:3      | Killed Jessica
  1826 | D:3      | Reached XP level 5. HP: 38/41 MP: 5/5
  2148 | D:4      | Reached skill level 5 in Axes
  2470 | D:4      | Reached XP level 6. HP: 47/47 MP: 6/6
  2567 | D:4      | Reached skill level 6 in Axes
  2759 | D:4      | Noticed a sky beast
  2770 | D:4      | Killed a sky beast
  2771 | D:4      | Reached XP level 7. HP: 41/52 MP: 7/7
  2905 | D:4      | Reached skill level 7 in Axes
  3327 | D:5      | Entered Level 5 of the Dungeon
  3409 | D:5      | Reached * piety under the Shining One
  3649 | D:5      | Reached skill level 8 in Axes
  3662 | D:5      | Reached XP level 8. HP: 34/58 MP: 8/8
  3803 | D:5      | Reached skill level 1 in Invocations
  3942 | D:5      | Reached skill level 9 in Axes
  4299 | D:6      | Noticed Eustachio
  4308 | D:6      | Killed Eustachio
  4394 | D:6      | Reached XP level 9. HP: 48/66 MP: 11/11
  4609 | D:6      | Reached skill level 5 in Fighting
  4622 | D:6      | HP: 1/68 [orc warrior/+0 glaive (9)]
  4625 | D:6      | Reached skill level 10 in Axes
  4944 | D:6      | Found an ornate altar of the Wu Jian Council.
  4979 | D:6      | Found a staircase to the Ecumenical Temple.
  5303 | D:7      | Reached ** piety under the Shining One
  5692 | D:7      | Found a burning altar of Makhleb.
  6984 | D:8      | Reached skill level 5 in Shields
  7170 | D:8      | Reached skill level 11 in Axes
  7170 | D:8      | Reached XP level 10. HP: 71/77 MP: 13/13
  7402 | D:8      | Identified the +6 short sword "Lixtud" {drain, rF+ Str+2
                  | Dex+5}
  7592 | D:8      | Identified the +6 scale mail "Surem" {Fly Will+}
  7883 | D:9      | Reached skill level 1 in Evocations
  8424 | D:9      | Noticed Maggie
  8437 | D:9      | Killed Maggie
  8706 | D:2      | Bought the amulet "Boseghus" {Reflect Str+3 Int+2 SH+5} for
                  | 617 gold pieces
  8827 | Temple   | Entered the Ecumenical Temple
  8958 | D:10     | Entered Level 10 of the Dungeon
  8997 | D:10     | Noticed a centaur warrior
  9008 | D:10     | Killed a centaur warrior
  9009 | D:10     | Reached skill level 5 in Armour
  9009 | D:10     | Reached XP level 11. HP: 73/86 MP: 14/14
  9145 | D:10     | Noticed Psyche
  9160 | D:10     | Killed Psyche
  9161 | D:10     | Reached skill level 5 in Invocations
  9185 | D:10     | Noticed a two-headed ogre
  9193 | D:10     | Killed a two-headed ogre
  9194 | D:10     | Reached skill level 12 in Axes
  9194 | D:10     | Reached skill level 1 in Throwing
  9251 | D:10     | Found a staircase to the Orcish Mines.
  9272 | D:10     | Reached *** piety under the Shining One
  9313 | D:10     | Noticed a two-headed ogre
  9319 | D:10     | Killed a two-headed ogre
  9397 | D:10     | Noticed a two-headed ogre
  9414 | D:10     | Killed a two-headed ogre
 10198 | D:11     | Found a staircase to the Lair.
 10484 | D:11     | Reached XP level 12. HP: 94/96 MP: 15/15
 10934 | D:11     | Reached skill level 10 in Fighting
 11021 | Lair:1   | Entered Level 1 of the Lair of Beasts
 11071 | Lair:1   | Reached skill level 5 in Throwing
 11479 | Lair:1   | Reached skill level 13 in Axes
 12460 | Lair:3   | Found a hole to the Spider Nest.
 12460 | Lair:3   | Reached **** piety under the Shining One
 12466 | Lair:3   | Noticed a death yak
 12467 | Lair:3   | Noticed a death yak
 12467 | Lair:3   | Noticed a death yak
 12478 | Lair:3   | Noticed a death yak
 12479 | Lair:3   | Noticed a death yak
 12480 | Lair:3   | Killed a death yak
 12492 | Lair:3   | Killed a death yak
 12493 | Lair:3   | Reached XP level 13. HP: 92/106 MP: 14/16
 12963 | Lair:3   | You are sucked into a shaft and drop 1 floor!
 12991 | Lair:4   | Noticed a seven-headed hydra
 13001 | Lair:4   | Killed a seven-headed hydra
 13002 | Lair:4   | Reached skill level 14 in Axes
 13002 | Lair:4   | Reached skill level 10 in Armour
 14076 | Lair:5   | Entered Level 5 of the Lair of Beasts
 14276 | Lair:5   | Reached XP level 14. HP: 115/115 MP: 18/18
 14286 | Lair:5   | Reached ***** piety under the Shining One
 14868 | Lair:5   | Reached skill level 15 in Axes
 15562 | Lair:5   | Found a staircase to the Slime Pits.
 15651 | Lair:5   | Reached skill level 10 in Shields
 16111 | Lair:5   | Reached XP level 15. HP: 91/124 MP: 17/21
 16257 | Lair:5   | Reached skill level 16 in Axes
 16992 | Orc:1    | Entered Level 1 of the Orcish Mines
 17132 | Orc:2    | Entered Level 2 of the Orcish Mines
 17382 | Orc:2    | Found Ivvouf's General Store.
 17612 | Orc:2    | Found Hiusmiabb's General Store.
 17636 | Orc:2    | Found a bloodstained altar of Trog.
 17645 | Orc:2    | Found Akkyseb's Book Boutique.
 17663 | Orc:2    | Noticed an orc warlord
 17666 | Orc:2    | Found Diluph's Antique Armour Shop.
 17673 | Orc:2    | Killed an orc warlord
 17680 | Orc:2    | Reached skill level 5 in Evocations
 17693 | Orc:2    | Found Xocoddil's Antique Weapon Boutique.
 17849 | Orc:2    | Found a staircase to the Elven Halls.
 18117 | Orc:2    | Bought the +2 pair of slick slippers {slick, slippery,
                  | EV+4} for 1417 gold pieces
 18117 | Orc:2    | Found the +2 pair of slick slippers {slick, slippery, EV+4}
 18787 | D:12     | Noticed Azrael
 18861 | D:12     | Killed Azrael
 19136 | D:12     | Identified a scroll of acquirement
 19137 | D:12     | Acquired a manual of Evocations
 19310 | D:13     | Reached ****** piety under the Shining One
 19316 | D:13     | Identified the +7 quarterstaff "Ytomupte" {venom, +Blink}
 19357 | D:13     | Reached skill level 17 in Axes
 19375 | D:13     | Found a gate to the Vaults.
 19375 | D:13     | Noticed an ironbound preserver
 19387 | D:13     | Killed an ironbound preserver
 19388 | D:13     | Reached skill level 10 in Invocations
 19411 | D:13     | Reached XP level 16. HP: 130/133 MP: 23/23
 19705 | D:13     | Noticed Rupert
 19718 | D:13     | Killed Rupert
 20139 | D:13     | Identified the +7 shortbow of Pot Soacimn {flame, Str+4}
 20689 | D:14     | Noticed Jorgrun
 20709 | D:14     | Killed Jorgrun
 21094 | D:14     | Identified the +6 short sword "Killer Klown's Regret"
                  | {flame, rC- rN++}
 21632 | D:15     | Entered Level 15 of the Dungeon
 21905 | D:15     | Found a transporter.
 22324 | D:15     | Found a staircase to the Depths.
 22422 | D:15     | Reached skill level 18 in Axes
 23178 | Orc:2    | Bought a pair of embroidered gloves for 277 gold pieces
 23480 | Lair:3   | Found a staircase to the Shoals.
 23922 | Shoals:1 | Entered Level 1 of the Shoals
 23967 | Shoals:1 | Found a frozen archway.
 23971 | IceCv    | Entered an ice cave
 24056 | IceCv    | Reached skill level 15 in Fighting
 24219 | IceCv    | Reached skill level 10 in Evocations
 24262 | IceCv    | Reached XP level 17. HP: 129/134 MP: 25/25
 24424 | IceCv    | Identified the +9 spear of Circularity {protect, Int+4}
 24449 | IceCv    | Noticed a shard shrike
 24468 | IceCv    | Killed a shard shrike
 24528 | IceCv    | Identified the ring "Werghujae" {Fly rElec rC+ Str+3 Dex+6}
 24532 | IceCv    | Identified the staff of cold "Iczixkel" {rF- rC+ Int+4}
 25678 | Shoals:1 | Identified a +7 executioner's axe of holy wrath (a +5 heavy
                  | executioner's axe blessed by the Shining One)
 25678 | Shoals:1 | Received a gift from the Shining One
 25810 | Shoals:1 | Noticed a kraken
 25833 | Shoals:1 | Killed a kraken
 25834 | Shoals:1 | Reached skill level 19 in Axes
 26965 | Shoals:2 | Noticed Polyphemus
 26995 | Shoals:2 | Killed Polyphemus
 26996 | Shoals:2 | Reached XP level 18. HP: 95/151 MP: 27/27
 27096 | Shoals:2 | Noticed Ilsuiw
 27146 | Shoals:2 | Killed Ilsuiw
 27173 | Shoals:2 | Noticed a kraken
 27188 | Shoals:2 | Killed a kraken
 27612 | Shoals:3 | Noticed Kirke
 27641 | Shoals:3 | Killed Kirke
 27894 | Shoals:3 | Noticed Louise
 27907 | Shoals:3 | Killed Louise
 27955 | Shoals:3 | Noticed Mlioglotl
 27958 | Shoals:3 | Found a runed translucent gate.
 27958 | Shoals:3 | Found a runed translucent gate.
 27958 | Shoals:3 | Found a runed translucent gate.
 27959 | Shoals:3 | Noticed a lich
 27960 | Shoals:3 | Killed Mlioglotl
 27961 | Shoals:3 | Found an opulent altar of Gozag.
 27962 | Shoals:3 | Found Viohed's Assorted Antiques.
 27962 | Shoals:3 | Noticed Eddaez Biosh's ghost (journeyman HOFi)
 27972 | Shoals:3 | Noticed Nikola
 27983 | Shoals:3 | Killed Nikola
 27984 | Shoals:3 | Reached skill level 20 in Axes
 28157 | Shoals:4 | Entered Level 4 of the Shoals
 28157 | Shoals:4 | Found a basalt altar of Yredelemnul.
 28176 | Shoals:4 | HP: 1/153 [alligator snapping turtle (19)]
 28554 | Shoals:4 | Noticed a titan
 28567 | Shoals:4 | Killed a titan
 28585 | Shoals:4 | Killed from afar by a merfolk aquamancer

Illustrated notes

Levels and vault maps discovered:
D:1:      lightli_arrival_noodles, layout_basic, serial_rivers,
          chequers_serial_rivers_marsh, chequers_serial_rivers_micro_e,
          chequers_serial_rivers_room_b, chequers_serial_rivers_micro_b,
          serial_shops, nicolae_shop_stone, minmay_misc_feat_secret_circle,
          feat_on_display
D:2:      layout_loops_ring, serial_shops, nicolae_shop_tiny_glass
D:3:      layout_loops_ring, lemuel_tele_altar,
          hellmonk_ecumenical_altar_run_dry, uniq_jessica
D:4:      layout_loops_corners, kennysheep_generic_room_14
D:5:      layout_rooms, kennysheep_generic_room_10
D:6:      layout_basic, nzn_wu_jian_council_hall,
          minmay_temple_entry_gardened_gates, uniq_eustachio
D:7:      layout_layer_cave, makhleb_heckhound_becter
D:8:      layout_basic
D:9:      layout_loops_ring, eino_small_chamber_without_monster, uniq_maggie
D:10:     layout_basic, david_orc_1_choice, hangedman_abyss_or_decor_stabs,
          hex_large, grunt_livestock, minmay_misc_feat_chi, uniq_psyche
D:11:     layout_basic, erik_lair_orcish_takeover
D:12:     layout_rooms, uniq_azrael
D:13:     layout_loops_ring, skrybe_vaults_entry_preservation, serial_aquarium,
          aquarium_bridge_long_separate [aquarium_subvault_bridge,
          aquarium_subvault_wall, aquarium_subvault_wall,
          aquarium_subvault_window, aquarium_subvault_bridge,
          aquarium_subvault_wall], aquarium_window_fake, aquarium_window_fake,
          aquarium_view_4, aquarium_view_2f, aquarium_balcony_3a,
          aquarium_pool_2, uniq_rupert
D:14:     lemuel_ice_spiral_2, layout_basic, uniq_jorgrun
D:15:     grunt_enter_depths_hoard, layout_loops_cross,
          nicolae_twisting_strands, nicolae_diode_basic
Temple:   nicolae_temple_bog_church
Lair:1:   layout_misc_corridors
Lair:2:   layout_cave_pods
Lair:3:   layout_cellular_growth, elwin_shoals_entry_stream,
          spider_nest_entry_a, lemuel_fruit_fields
Lair:4:   layout_loops_ring, worms_lemuel
Lair:5:   hangedman_lair_caniforms_friends, layout_long_grid,
          hangedman_lair_in_review, minmay_slime_entry_jelly_boxes,
          lemuel_old_faithful
Shoals:1: layout_shoals, portal_ice_cave_entry_pillars_four
Shoals:2: layout_shoals, uniq_ilsuiw, uniq_polyphemus
Shoals:3: layout_shoals, ebering_ghost_gozag, uniq_mlioglotl, uniq_kirke,
          uniq_louise, uniq_nikola
Shoals:4: shoals_end_hellmonk_storm_palace [storm_palace_center_ruins,
          storm_palace_corner_narrow, storm_palace_corner_pillars,
          storm_palace_corner_pillars, storm_palace_corner_altar], uniq_mara
Orc:1:    layout_diamond_mine
Orc:2:    grunt_orc_gardens, layout_caves, grunt_orc_garden, grunt_orc_garden,
          grunt_orc_garden, grunt_orc_garden, serial_shops,
          nicolae_shop_tiny_statue_garden, basic_altar, gauntlet_entry_generic

Skill      XL: |  1  2  3  4  5  6  7  8  9 10 11 12 13 14 15 16 17 18 |
---------------+-------------------------------------------------------+-----
Axes           | 3 4 5 6 8 9 11 12 13 14 15 17 18 19 20 | 20.4
Invocations    | 3 4 5 8 10 11 13 14 | 14.0
Fighting       | 4 6 8 9 11 12 13 14 15 16 | 16.7
Shields        | 5 7 8 10 | 10.9
Evocations     | 4 6 10 12 | 12.1
Armour         | 5 7 9 10 | 10.3
Throwing       | 4 6 8 |  8.0

Action                     |  1- 3 |  4- 6 |  7- 9 | 10-12 | 13-15 | 16-18 || total
---------------------------+-------+-------+-------+-------+-------+-------++-------
  Melee: War axe           |    97 |    69 |       |       |       |       ||   166
         Battleaxe         |       |    35 |   259 |   396 |   900 |    27 ||  1617
         Dire flail        |       |       |       |       |    27 |       ||    27
         Executioner's axe |       |       |       |       |       |   728 ||   728
  Throw: Stone             |     1 |       |       |       |       |       ||     1
         Dart              |       |       |       |    11 |       |       ||    11
         Javelin           |       |       |       |       |     4 |     5 ||     9
 Invoke: Divine Shield     |       |       |     2 |     4 |    11 |    10 ||    27
         Summon Divine War |       |       |       |       |     1 |    10 ||    11
         Brand Weapon With |       |       |       |       |       |     1 ||     1
Ability: Dig               |       |       |       |     2 |     6 |     5 ||    13
  Evoke: Wand              |       |       |       |     2 |       |     4 ||     6
         Box of beasts     |       |       |       |       |     1 |     3 ||     4
         Condenser vane    |       |       |       |       |       |     2 ||     2
    Use: Scroll            |       |       |    13 |     8 |     9 |    11 ||    41
         Potion            |       |       |     4 |       |       |     8 ||    12
 Armour: Scale mail        |    50 |    42 |    19 |    91 |   202 |    72 ||   476
         Chain mail        |       |       |    83 |     4 |    70 |       ||   157
         Plate armour      |       |       |       |       |       |   213 ||   213
  Dodge: Dodged            |    40 |    50 |    89 |   149 |   347 |   297 ||   972
  Block: Buckler           |    26 |    28 |    52 |       |       |       ||   106
         Kite shield       |       |       |    18 |   312 |   963 |   759 ||  2052
         Reflection        |       |       |       |     5 |    14 |    37 ||    56
